 Dungeon Crawl Stone Soup version 0.20.1-1-g8b1a95d (webtiles) character file.

2671 raph the Slicer (level 9, -15/61 HPs)
             Began as a Halfling Berserker on Dec 15, 2017.
             Was a High Priest of Trog.
             Demolished by a two-headed ogre
             ... wielding a +0 giant club
              (20 damage)
             ... on level 7 of the Dungeon.
             The game lasted 00:20:32 (9223 turns).

raph the Slicer (Halfling Berserker)                Turns: 9223, Time: 00:20:32

Health: -15/61     AC: 16    Str: 18    XL:     9   Next: 95%
Magic:  6/6        EV: 13    Int:  5    God:    Trog [*****.]
Gold:   73         SH:  0    Dex: 17    Spells: 8/8 levels left

rFire    . . .     SeeInvis .   F - +3 short sword (antimagic)
rCold    . . .     Gourm    .   (shield restricted)
rNeg     . . .     Faith    .   r - +0 chain mail
rPois    .         Spirit   .   p - +0 helmet
rElec    .         Reflect  .   (no cloak)
rCorr    .         Harm     .   (no gloves)
MR       .....                  e - +0 pair of boots
Stlth    ..........             (no amulet)
Regen    0.2/turn               N - +3 ring of protection
MPRegen  0.1/turn               t - ring of magical power

@: about to teleport
A: mutation resistance 1
a: Berserk, Trog's Hand, Brothers in Arms, Burn Spellbooks, Renounce Religion


You were on level 7 of the Dungeon.
You worshipped Trog.
Trog was extremely pleased with you.
You were not hungry.

You visited 1 branch of the dungeon, and saw 7 of its levels.
You also visited: Sewer and Ossuary.

You collected 304 gold pieces.
You spent 231 gold pieces at shops.

Inventory:

Hand Weapons
 a - a +1 short sword
 b - a +0 hunting sling
 d - a +0 dagger of holy wrath
 v - a +1 dagger of speed
 w - a +0 rapier
 F - a +3 antimagic short sword (weapon)
Missiles
 i - 181 stones (quivered)
 o - 41 sling bullets
 s - a throwing net
 y - 7 tomahawks
Armour
 e - a +0 pair of boots (worn)
 p - a +0 helmet (worn)
 r - a +0 chain mail (worn)
 I - a +1 leather armour of positive energy
Jewellery
 t - a ring of magical power (right hand)
 N - a +3 ring of protection (left hand)
Wands
 h - a wand of confusion (34/48)
 j - a wand of confusion (37/48)
 J - a wand of flame (10/48)
Scrolls
 g - 2 scrolls of teleportation
 q - a scroll of recharging
 D - 4 scrolls of remove curse
 G - 2 scrolls of fog
 Q - a scroll of enchant armour {unknown}
Potions
 f - 2 potions of haste
 k - 4 potions of brilliance
 l - 7 potions of curing
 m - 5 potions of agility {unknown}
 n - 4 potions of flight {unknown}
 u - 2 potions of mutation {unknown}
 x - a potion of resistance {unknown}
 z - a potion of ambrosia {unknown}
 A - 7 potions of heal wounds {unknown}
 B - 2 potions of lignification {unknown}
 C - a potion of invisibility {unknown}
 H - a potion of might {unknown}
 O - 2 potions of magic {unknown}
Books
 E - a book of Callings

   Spells                             Type                      Level
   a - Summon Small Mammal            Summoning                    1
   b - Call Imp                       Summoning                    2
   c - Call Canine Familiar           Summoning                    3
   d - Summon Guardian Golem          Hexes/Summoning              3
   e - Summon Lightning Spire         Summoning/Air                4
   f - Summon Ice Beast               Ice/Summoning                4
   Trog disapproves of the use of such an item.
Comestibles
 c - 3 bread rations
 K - 10 fruits
 L - a royal jelly
 M - 2 chunks of flesh
 P - a meat ration


   Skills:
 + Level 5.3 Fighting
 * Level 9.8 Short Blades
 * Level 8.3 Armour
 + Level 5.9 Dodging
 - Level 1.3 Stealth


You had 8 spell levels left.
You didn't know any spells.

Dungeon Overview and Level Annotations

Branches:
Dungeon (7/15)             Temple (0/1) D:5

Altars:
Ashenzari
Dithmenos
Elyvilon
Kikubaaqudgha
Nemelex Xobeh
Qazlal
Ru
Vehumet
Xom

Shops:
D:6 =


Innate Abilities, Weirdness & Mutations

You are small and have problems with some larger weapons.
You are somewhat resistant to further mutation.


Message History

The two-headed ogre is moderately wounded.
A gnoll comes into view.
The gnoll shouts!
You hit the two-headed ogre.
The two-headed ogre is moderately wounded.
The two-headed ogre closely misses you. The two-headed ogre barely misses you.
You hit the two-headed ogre.
The two-headed ogre is moderately wounded.
You barely miss the two-headed ogre.
The two-headed ogre is moderately wounded.
The two-headed ogre hits you with a giant club!! x2
* * * LOW HITPOINT WARNING * * *
The gnoll sergeant hits you from afar with a trident of flaming!
* * * LOW HITPOINT WARNING * * *
The gnoll sergeant burns you.
* * * LOW HITPOINT WARNING * * *
As you read the scroll of teleportation, it crumbles to dust.
You feel strangely unstable.
The two-headed ogre hits you with a giant club!!
You die...

... ####Z# ##
#.....# (. .. ..g.
###.##. .g#
#≈≈(§≈. #g#
≈≈(.§≈§###g#
..≈.§§§§§#.O.#
..§.§§§.§#@####
.%≈≈§§.(≈§....#
..§≈§≈.≈≈.....#
...§§≈≈≈......#
.......((.....###
................##
####.<......#..#
.#
#........##.##.#
#........##.##.#


You could see a two-headed ogre, a gnoll sergeant and a gnoll.

Vanquished Creatures
  A hippogriff (D:7)
  Edmund (D:6)
  Duvessa (D:5)
  A phantom (D:6)
  A black bear (D:6)
  2 ice beasts
  2 centaurs (D:6)
  3 big kobolds (Sewer)
  Blork the orc (D:5)
  2 elf zombies (Ossuary)
  Dowan (D:5)
  3 vampire bats
  2 howler monkeys (D:4)
  A crimson imp (D:6)
  3 human zombies (Ossuary)
  A centaur zombie (Ossuary)
  A bullfrog skeleton (D:4)
  A hound (D:7)
  6 orc wizards
  An orc priest (D:3)
  An iguana (D:4)
  5 worker ants
  3 big kobold zombies (Ossuary)
  3 mummies (Ossuary)
  A worker ant zombie (D:5)
  Robin (D:2)
  5 gnolls
  5 river rats
  13 adders
  An ooze (D:1)
  3 adder zombies (Ossuary)
  4 worms
  5 leopard geckos
  24 orcs
  2 bat skeletons (D:5)
  3 bat zombies (D:5)
  14 giant cockroaches
  A gnoll zombie (Ossuary)
  19 goblins
  8 hobgoblins
  2 jackals (D:3)
  2 quokkas
  3 ball pythons
  14 bats
  7 frilled lizards
  5 goblin zombies (Ossuary)
  A hobgoblin zombie (Ossuary)
  4 jackal zombies (Ossuary)
  22 kobolds
  5 kobold zombies (Ossuary)
  A leopard gecko skeleton (D:6)
  2 orc zombies (Ossuary)
  3 quokka zombies (Ossuary)
  27 rats
  3 rat zombies (Ossuary)
257 creatures vanquished.

Vanquished Creatures (others)
  A crocodile (D:7)
  A big kobold (D:7)
  A worker ant (D:7)
  A leopard gecko (D:7)
4 creatures vanquished.

Grand Total: 261 creatures vanquished

Notes
Turn   | Place    | Note
-------+----------+-------------------------------------------
     0 | D:1      | raph the Halfling Berserker began the quest for the Orb.
     0 | D:1      | Reached XP level 1. HP: 15/15 MP: 1/1
   349 | D:1      | Reached XP level 2. HP: 16/20 MP: 2/2
   569 | D:1      | Reached skill level 4 in Short Blades
   746 | D:1      | Reached XP level 3. HP: 25/25 MP: 3/3
  1287 | D:2      | Reached ** piety under Trog
  1291 | D:2      | Noticed Robin
  1298 | D:2      | Reached skill level 1 in Stealth
  1307 | D:2      | Killed Robin
  1307 | D:2      | Reached XP level 4. HP: 31/31 MP: 4/4
  1945 | D:2      | Reached XP level 5. HP: 31/36 MP: 5/5
  2053 | D:2      | Reached skill level 5 in Short Blades
  2386 | D:2      | Found a stormy altar of Qazlal.
  2935 | D:3      | Reached XP level 6. HP: 42/42 MP: 6/6
  3407 | D:3      | Reached *** piety under Trog
  3627 | D:3      | Found a radiant altar of Vehumet.
  4095 | D:4      | Found a sparkling altar of Nemelex Xobeh.
  4123 | D:4      | Reached skill level 6 in Short Blades
  4127 | D:4      | Received a gift from Trog
  4198 | D:4      | Reached XP level 7. HP: 46/46 MP: 7/7
  4398 | D:4      | Found a sand-covered staircase.
  4409 | Ossuary  | Entered an ossuary
  4425 | Ossuary  | Reached **** piety under Trog
  4507 | Ossuary  | Reached skill level 5 in Armour
  4660 | Ossuary  | Reached XP level 8. HP: 54/54 MP: 8/8
  4682 | Ossuary  | Reached skill level 7 in Short Blades
  5516 | D:4      | Found a shattered altar of Ashenzari.
  5564 | D:5      | Entered Level 5 of the Dungeon
  5832 | D:5      | Found a glowing drain.
  5862 | Sewer    | Entered a sewer
  5940 | Sewer    | Reached ***** piety under Trog
  6238 | Sewer    | Reached skill level 8 in Short Blades
  6777 | Sewer    | Reached skill level 5 in Dodging
  6786 | Sewer    | Reached XP level 9. HP: 59/59 MP: 9/9
  7066 | D:5      | Found a staircase to the Ecumenical Temple.
  7261 | D:5      | Received a gift from Trog
  7415 | D:5      | Found a sacrificial altar of Ru.
  7513 | D:5      | Noticed Duvessa
  7513 | D:5      | Noticed Dowan
  7519 | D:5      | Killed Duvessa
  7534 | D:5      | Killed Dowan
  7837 | D:5      | Noticed Blork the orc
  7852 | D:5      | Killed Blork the orc
  7869 | D:5      | Found an ancient bone altar of Kikubaaqudgha.
  7880 | D:5      | Reached skill level 9 in Short Blades
  8109 | D:6      | Noticed Edmund
  8126 | D:6      | Killed Edmund
  8126 | D:6      | Reached skill level 5 in Fighting
  8396 | D:6      | Found Pottig's Jewellery Shoppe.
  8473 | D:6      | Bought a +3 ring of protection for 231 gold pieces
  8483 | D:6      | Found a white marble altar of Elyvilon.
  8488 | D:6      | Found a shadowy altar of Dithmenos.
  9066 | D:7      | Found a shimmering altar of Xom.
  9066 | D:7      | Noticed a hippogriff
  9066 | D:7      | Noticed a two-headed ogre
  9092 | D:7      | Killed a hippogriff
  9223 | D:7      | Demolished by a two-headed ogre

Skill      XL: |  1  2  3  4  5  6  7  8  9 |
---------------+----------------------------+-----
Short Blades   | 4 5 6 8 9 |  9.8
Stealth        | 1 |  1.3
Fighting       | 3 4 5 |  5.3
Dodging        | 3 4 5 |  5.9
Armour         | 3 4 5 6 8 |  8.3

Action                   |  1- 3 |  4- 6 |  7- 9 || total
-------------------------+-------+-------+-------++-------
Melee: Short sword       |   105 |   216 |   120 ||   441
       Rapier            |       |    47 |   320 ||   367
       Dagger            |       |       |   310 ||   310
 Fire: Hunting sling     |       |       |     8 ||     8
Invok: Berserk           |     3 |     3 |    22 ||    28
       Trog's Hand       |       |       |     1 ||     1
  Use: Scroll            |       |    10 |     8 ||    18
  Eat: Chunk             |     3 |    13 |    23 ||    39
       Fruit             |       |       |     4 ||     4
       Bread ration      |       |       |     2 ||     2
       Royal jelly       |       |       |     1 ||     1
Armor: Animal skin       |     6 |       |       ||     6
       Leather armour    |    13 |     7 |       ||    20
       Chain mail        |       |    68 |   302 ||   370
Dodge: Dodged            |    74 |   144 |   442 ||   660
